 Dungeon Crawl Stone Soup version 0.25-a0-306-g3faca94807 (webtiles) character file.

Game seed: 14200761724540240441, levelgen mode: deterministic

126 Redear the Skirmisher (level 4, -2/37 HPs)
             Began as a Mummy Monk on Dec 21, 2019.
             Slain by an orc priest
             ... wielding a +0 war axe
              (10 damage)
             ... on level 3 of the Dungeon.
             The game lasted 00:04:19 (5067 turns).

Redear the Skirmisher (Mummy Monk)                  Turns: 5067, Time: 00:04:19

Health: -2/37      AC:  0    Str: 14    XL:     4   Next: 84%
Magic:  4/4        EV: 13    Int:  9    God:
Gold:   132        SH:  0    Dex: 15    Spells: 3/3 levels left

rFire    x . .     SeeInvis .     - Unarmed
rCold    + . .     Gourm    .   (no shield)
rNeg     + + +     Faith    .   (no armour)
rPois    ∞         Spirit   .   (no helmet)
rElec    .         Reflect  .   (no cloak)
rCorr    .         Harm     .   (no gloves)
MR       .....                  (no boots)
Stlth    ++........             (no amulet)
HPRegen  0.12/turn              g - ring of wizardry {Wiz+}
MPRegen  0.09/turn              (no ring)

@: no status effects
A: no food or potions, fire vulnerability, cold resistance 1, negative energy
resistance 3, torment resistance, unbreathing
a: no special abilities


You were on level 3 of the Dungeon.
You were not hungry.

You visited 1 branch of the dungeon, and saw 4 of its levels.

You collected 132 gold pieces.

Inventory:

Jewellery
 a - a +4 amulet of reflection {unknown}
 g - a ring of wizardry (left hand) {Wiz+}
Scrolls
 c - a scroll of amnesia {unknown}
 f - 2 scrolls of immolation {unknown}
 h - a scroll of enchant armour {unknown}
 N - a scroll of remove curse {@r2}
 T - 3 scrolls of teleportation


   Skills:
 + Level 4.0 Fighting
 + Level 3.3 Dodging
 - Level 1.5 Stealth
 + Level 3.2 Unarmed Combat


You had 3 spell levels left.
You didn't know any spells.
Your spell library was empty.

Dungeon Overview and Level Annotations

Branches:
Dungeon (4/15)
 Temple: D:4-7

Altars:

Annotations:
D:3 1 runed translucent door, Crazy Yiuf


Innate Abilities, Weirdness & Mutations

You do not eat or drink.
Your flesh is vulnerable to fire.
You are immune to poison.
Your flesh is cold resistant. (rC+)
You are immune to negative energy. (rN+++)
You are immune to unholy pain and torment.
You can survive without breathing.


Message History

The orc priest is moderately wounded.
The orc priest closely misses you.
You closely miss the orc priest.
The orc priest is moderately wounded.
The orc priest closely misses you.
You barely miss the orc priest.
The orc priest is moderately wounded.
You hit the orc priest but do no damage.
The orc priest is moderately wounded.
The orc priest barely misses you.
You hit the orc priest but do no damage.
You punch the orc priest.
The orc priest is heavily wounded.
The orc priest hits you with a +0 war axe!
* * * LOW HITPOINT WARNING * * *
You take 12 damage, and have 8/37 hp.
MASSIVE DAMAGE!!
You hit the orc priest.
The orc priest is severely wounded.
The orc priest hits you with a +0 war axe!
You die...

################# ####
#...).........).# #...
#.....#########.###### #...
.....................#########...
#........######..................
#....###.# #..###..<##.######.
########.# #o........#.######.
#.......# ##@................
##.####### #####.####.######.
.......# #......# #.
##.###.######### ##############
...............# #.........
...............# #.........
...............# #.........
...............#########.........
...............#.................


You could see an orc priest.

Vanquished Creatures
  4 adders
  An ooze (D:2)
  An adder skeleton (D:3)
  4 worms
  A leopard gecko (D:2)
  2 orcs (D:3)
  A ball python (D:1)
  8 giant cockroaches
  4 hobgoblins
  11 bats
  7 frilled lizards
  9 goblins
  8 kobolds
  9 rats
70 creatures vanquished.

Notes
Turn   | Place    | Note
-------+----------+-------------------------------------------
     0 | D:1      | Redear the Mummy Monk began the quest for the Orb.
     0 | D:1      | Reached XP level 1. HP: 18/18 MP: 1/1
   690 | D:1      | Reached XP level 2. HP: 11/24 MP: 2/2
  1395 | D:2      | Reached XP level 3. HP: 14/29 MP: 3/3
  1749 | D:2      | You fall into a shaft and drop 1 floor!
  2077 | D:3      | Reached skill level 3 in Dodging
  2077 | D:3      | Reached skill level 3 in Unarmed Combat
  2156 | D:3      | Found a faded altar of an unknown god.
  2409 | D:3      | Reached XP level 4. HP: 34/37 MP: 4/4
  3022 | D:3      | Found a runed translucent door.
  3023 | D:3      | Noticed Crazy Yiuf
  3911 | D:2      | Reached skill level 4 in Fighting
  5067 | D:3      | Slain by an orc priest

Levels and vault maps discovered:
D:1:      minmay_arrival_pointy, layout_basic
D:2:      layout_basic, dk_noncrumbling_4, minmay_misc_feat_cross
D:3:      layout_basic, chequers_ecumenical_altar_simple,
          uniq_crazy_yiuf_cottage
D:4:      layout_loops_cross, first_ration, uniq_grinder, uniq_menkaure

Skill      XL: |  1  2  3  4 |
---------------+-------------+-----
Dodging        | 3 |  3.3
Unarmed Combat | 3 |  3.2
Fighting       | 4 |  4.0
Stealth        | |  1.5

Action                   |  1- 3 |  4- 6 || total
-------------------------+-------+-------++-------
Melee: Unarmed           |   153 |   205 ||   358
       Punch             |     4 |     6 ||    10
  Use: Scroll            |       |     3 ||     3
 Stab: Sleeping          |     4 |     3 ||     7
Dodge: Dodged            |    99 |   130 ||   229

Table legend:
 A = Non-vault XP
 B = Vault XP
 C = Vault XP percentage of total XP
 D = Non-vault monster count
 E = Vault monster count
 F = Vault count percentage of total count
                 A         B        C        D         E       F
            +---------+---------+-------+---------+---------+-------
      Total |     181 |       0 |   0.0 |      70 |       0 |   0.0
            +---------+---------+-------+---------+---------+-------
        D:1 |      37 |       0 |   0.0 |      24 |       0 |   0.0
        D:2 |      58 |       0 |   0.0 |      26 |       0 |   0.0
        D:3 |      86 |       0 |   0.0 |      20 |       0 |   0.0
            +---------+---------+-------+---------+---------+-------
